 Dungeon Crawl Stone Soup version 0.18.1-1-g2f07953 (webtiles) character file.

1399 oplop the Changer (level 8, 0/48 HPs)
             Began as an Octopode Transmuter on May 6, 2016.
             Slain by a centaur (8 damage)
             ... on level 8 of the Dungeon.
             The game lasted 00:12:15 (6088 turns).

oplop the Changer (Octopode Transmuter)             Turns: 6088, Time: 00:12:16

Health: 0/48       AC:  2    Str: 14    XL:     8   Next: 69%
Magic:  15/15      EV: 24    Int: 17    God:
Gold:   246        SH:  0    Dex: 18    Spells: 4 memorised, 6 levels left

rFire  . . .     SeeInvis +       - Unarmed
rCold  . . .     Gourm    .     (shield currently unavailable)
rNeg   . . .     Faith    .     (helmet currently unavailable)
rPois  x         Spirit   .     (no amulet)
rElec  .         Dismiss  .     e - ring of see invisible
rCorr  .         Reflect  .     i - ring of flight
SustAt .         Harm     .     (no ring)
MR     .....                    (no ring)
Stlth  ++........               (no ring)
                                (no ring)
                                (no ring)
                                (no ring)

@: mighty, spider-form, not resistant to hostile enchantments, unstealthy
A: almost no armour, (amphibious), 8 rings, (constrict 8), (camouflage 0),
(gelatinous body 0)
a: End Transformation, Evoke Flight


You were on level 8 of the Dungeon.
You were not hungry.
You were a venomous arachnid creature.
You visited 1 branch of the dungeon, and saw 6 of its levels.
You also visited: Sewer.

You collected 246 gold pieces.

Inventory:

Hand Weapons
 n - a +0 blowgun
Missiles
 a - 40 arrows
 l - 23 poisoned needles
Jewellery
 e - a ring of see invisible (left front leg)
 i - a ring of flight (right front leg)
Wands
 y - a wand of enslavement (2/24)
Scrolls
 d - 3 scrolls of remove curse
 f - 2 scrolls of identify
 g - a scroll of immolation {unknown}
 o - a scroll of random uselessness {unknown}
 r - 3 scrolls of noise
 u - a scroll of magic mapping
 x - a scroll of recharging {unknown}
Potions
 h - 2 potions of magic
 j - a potion of curing
 m - 2 potions of brilliance
 p - a potion of ambrosia {unknown}
 q - a potion of might
 s - a potion of cure mutation {unknown}
 v - a potion of resistance {unknown}
 z - a potion of cancellation {unknown}
 B - a potion of heal wounds {unknown}
Books
 b - a book of Changes

   Spells                             Type                      Level
   a - Beastly Appendage              Transmutation                1
   b - Sticks to Snakes               Transmutation                2
   c - Spider Form                    Transmutation/Poison         3
   d - Ice Form                       Ice/Transmutation            4
   e - Blade Hands                    Transmutation                5
 t - a book of Cantrips

   Spells                             Type                      Level
   a - Corona                         Hexes                        1
   b - Animate Skeleton               Necromancy                   1
   c - Summon Small Mammal            Summoning                    1
   d - Apportation                    Translocation                1
Comestibles
 c - 6 bread rations
 k - 2 meat rations
 w - 3 fruits
 A - 2 chunks of flesh


   Skills:
 - Level 1.0 Fighting
 + Level 5.2 Dodging
 - Level 3.0 Unarmed Combat
 + Level 4.9 Spellcasting
 * Level 7.4 Transmutations
 + Level 2.4 Ice Magic


You had 6 spell levels left.
You knew the following spells:

 Your Spells              Type           Power        Failure   Level  Hunger
a - Beastly Appendage     Trmt           ####..       4%          1    None
b - Sticks to Snakes      Trmt           ####....     4%          2    #......
c - Spider Form           Trmt/Pois      ###.......   28%         3    ###....
d - Ice Form              Ice/Trmt       ###.....     41%         4    ####...


Dungeon Overview and Level Annotations

Branches:
Dungeon (5/15)             Temple (0/1) D:5

Altars:
Kikubaaqudgha

Annotations:
D:5 2 runed doors, Eustachio


Innate Abilities, Weirdness & Mutations

You cannot wear most types of armour.
((You are amphibious.))
You can wear up to eight rings at the same time.
((You can use your tentacles to constrict eight enemies at once.))
((Your skin changes colour to match your surroundings (Stealth).))
((Your rubbery body absorbs attacks (AC +1).))


Message History

The centaur is lightly wounded.
The centaur misses you. The centaur barely misses you. The centaur hits you.
* * * LOW HITPOINT WARNING * * *
Drink which item? (? for menu, Esc to quit)
It was a potion of might.
You feel very mighty all of a sudden. The centaur misses you. x3
You bite the centaur!
The centaur is almost dead.
You kill the centaur!
The centaur misses you. The centaur closely misses you.
Unknown command.
You hit the centaur.
The centaur is lightly wounded.
The centaur completely misses you.
Unknown command.
You hit the centaur.
The centaur is poisoned.
The centaur is moderately wounded.
The centaur misses you. The centaur hits you!
You die...

..... . .#.[####
..##......#
.%......# ......#
.###.#.#.#######
>...............
####.#.#c#######.#.
#.#)s((......#
#.#########... #.
#O .. ##


You could see a centaur.

Vanquished Creatures
  Grinder (D:5)
  An ogre (D:5)
  A centaur (D:8)
  6 big kobolds (Sewer)
  A scorpion (D:4)
  A water moccasin skeleton (D:5)
  A crimson imp (D:5)
  An orc priest (D:3)
  2 hounds
  An iguana (D:4)
  Jessica (D:3)
  3 worker ants (D:5)
  A hound skeleton (D:5)
  A howler monkey zombie (D:5)
  11 adders
  3 river rats
  A shadow imp (D:5)
  6 oozes
  7 worms
  2 dart slugs (D:1)
  2 giant geckos
  10 orcs
  6 giant cockroaches
  7 goblins
  7 hobgoblins
  6 quokkas
  8 ball pythons
  A ball python skeleton (D:4)
  9 bats
  6 giant newts
  15 kobolds
  A quokka skeleton (D:4)
  7 rats
137 creatures vanquished.

Vanquished Creatures (collateral kills)
  An adder (D:2)
  A ball python (D:3)
2 creatures vanquished.

Grand Total: 139 creatures vanquished

Notes
Turn   | Place    | Note
--------------------------------------------------------------
     0 | D:1      | oplop the Octopode Transmuter began the quest for the Orb.
     0 | D:1      | Reached XP level 1. HP: 13/13 MP: 3/3
   306 | D:1      | Reached XP level 2. HP: 18/18 MP: 3/5
   911 | D:2      | Reached XP level 3. HP: 19/23 MP: 4/6
   966 | D:2      | Reached skill level 3 in Transmutations
  1174 | D:2      | Learned a level 2 spell: Sticks to Snakes
  1178 | D:2      | Learned a level 3 spell: Spider Form
  1301 | D:2      | Reached XP level 4. HP: 27/28 MP: 7/7
  1811 | D:3      | Noticed Jessica
  1818 | D:3      | Killed Jessica
  1818 | D:3      | Reached XP level 5. HP: 23/33 MP: 9/9
  2033 | D:3      | Found a glowing drain.
  2042 | Sewer    | Entered a sewer
  2064 | Sewer    | Noticed a big kobold
  2068 | Sewer    | Noticed a big kobold
  2085 | Sewer    | Killed a big kobold
  2085 | Sewer    | Reached skill level 4 in Transmutations
  2290 | Sewer    | Killed a big kobold
  2290 | Sewer    | Reached XP level 6. HP: 18/38 MP: 7/11
  2645 | Sewer    | Reached skill level 5 in Transmutations
  2652 | Sewer    | Reached XP level 7. HP: 24/43 MP: 10/12
  3524 | D:3      | Learned a level 4 spell: Ice Form
  3557 | D:3      | Reached skill level 6 in Transmutations
  4483 | D:4      | Reached skill level 1 in Ice Magic
  4630 | D:4      | Found an ancient bone altar of Kikubaaqudgha.
  4897 | D:5      | Entered Level 5 of the Dungeon
  4974 | D:5      | Noticed Eustachio
  5058 | D:5      | Reached XP level 8. HP: 48/48 MP: 14/14
  5288 | D:5      | Found a staircase to the Ecumenical Temple.
  5321 | D:5      | Noticed Grinder
  5328 | D:5      | Paralysed by Grinder for 2 turns
  5859 | D:5      | Killed Grinder
  5859 | D:5      | Reached skill level 5 in Dodging
  5859 | D:5      | Reached skill level 7 in Transmutations
  6034 | D:5      | Found a runed door.
  6046 | D:5      | Found a runed door.
  6070 | D:5      | You fall through a shaft for 3 floors!
  6088 | D:8      | Slain by a centaur

Skill      XL: |  1  2  3  4  5  6  7  8 |
---------------+-------------------------+-----
Transmutations | 3 4 5 6 7 |  7.4
Dodging        | 3 4 5 |  5.2
Spellcasting   | 3 4 |  4.9
Ice Magic      | 1 2 |  2.4
Fighting       | |  1.0
Unarmed Combat | |  3.0

Action                   |  1- 3 |  4- 6 |  7- 9 || total
-------------------------+-------+-------+-------++-------
Melee: Unarmed           |    67 |   120 |   247 ||   434
       Tentacles         |    13 |    17 |    21 ||    51
       Constrict         |    18 |    14 |    30 ||    62
       Kick              |    12 |    10 |    16 ||    38
       Punch             |     1 |     1 |     2 ||     4
 Fire: Blowgun           |       |       |    13 ||    13
 Cast: Beastly Appendage |    21 |    15 |    11 ||    47
       Sticks to Snakes  |       |     6 |     2 ||     8
       Spider Form       |       |     7 |    13 ||    20
       Ice Form          |       |       |     1 ||     1
  Use: Potion            |     1 |     1 |     4 ||     6
       Scroll            |       |     6 |     1 ||     7
 Stab: Sleeping          |     3 |     6 |    14 ||    23
  Eat: Chunk             |     1 |     5 |     5 ||    11
       Fruit             |       |       |     2 ||     2
       Meat ration       |       |       |     1 ||     1
       Pizza             |       |       |     1 ||     1
Armor: Skin              |    14 |    10 |    26 ||    50
Dodge: Dodged            |    42 |    71 |   171 ||   284
